 Dungeon Crawl Stone Soup version 0.27.1-35-g4d5d836560 (webtiles) character file.

Game seed: 4350618661538930081

7749 kohu the Cleaver (level 11, -7/83 HPs)
             Began as a Demonspawn Gladiator on Apr 16, 2022.
             Was a High Priest of Okawaru.
             Mangled by Urug (23 damage)
             ... on level 10 of the Dungeon.
             The game lasted 00:18:46 (12220 turns).

kohu the Cleaver (Demonspawn Gladiator)            Turns: 12220, Time: 00:18:47

Health: -7/83      AC: 19    Str: 16    XL:     11   Next: 0%
Magic:  11/11      EV: 18    Int: 21    God:    Okawaru [*****.]
Gold:   586        SH:  0    Dex: 18    Spells: 10/10 levels left

rFire    . . .     SeeInvis .   J - +7 war axe "Blob" {vorpal, Int+4}
rCold    . . .     Faith    .   (no shield)
rNeg     . . .     Spirit   .   t - +4 ring mail of Responsibility {Dex+3}
rPois    .         Reflect  .   (helmet restricted)
rElec    +         Harm     .   A - +0 cloak
rCorr    .         Rampage  .   (no gloves)
Will     .....                  O - +2 pair of boots {Stlth+}
Stlth    +++.......             (no amulet)
HPRegen  0.23/turn              k - +6 ring of intelligence
MPRegen  0.24/turn              Q - +4 ring of evasion

@: no status effects
A: antennae 1, thin metallic scales 3, spiny 1, magic regeneration
a: Renounce Religion, Heroism, Finesse


You were on level 10 of the Dungeon.
You worshipped Okawaru.
Okawaru was extremely pleased with you.
You visited 1 branch of the dungeon, and saw 10 of its levels.

You collected 586 gold pieces.

Inventory:

Hand Weapons
 a - a +0 war axe
 f - a +0 rapier of electrocution
 H - a +2 war axe of electrocution
 J - the +7 war axe "Blob" (weapon) {vorpal, Int+4}
   (You found it on level 8 of the Dungeon)

   It inflicts extra damage upon your enemies.
   Int:       It affects your intelligence (+4).
Missiles
 d - 3 throwing nets (quivered)
 L - 8 boomerangs of dispersal
Armour
 b - a +0 leather armour
 c - a +0 helmet
 t - the +4 ring mail of Responsibility (worn) {Dex+3}
   (You found it on level 5 of the Dungeon)

   Dex:       It affects your dexterity (+3).
 A - a +0 cloak (worn)
 F - a +0 pair of boots
 O - a +2 pair of boots of stealth (worn)
Jewellery
 e - an amulet of faith
 k - a +6 ring of intelligence (left hand)
 m - a ring of magical power
 y - a ring of ice
 D - a +6 ring of dexterity
 Q - a +4 ring of evasion (right hand)
Wands
 r - a wand of flame (15)
 C - a wand of iceblast (23)
Scrolls
 h - 9 scrolls of identify {unknown}
 i - 3 scrolls of blinking {unknown}
 l - 3 scrolls of vulnerability {unknown}
 o - a scroll of magic mapping {unknown}
 u - 5 scrolls of teleportation {unknown}
 v - a scroll of amnesia {unknown}
 z - a scroll of immolation {unknown}
 I - a scroll of enchant armour {unknown}
 N - a scroll of silence {unknown}
 P - a scroll of noise {unknown}
Potions
 g - 3 potions of curing
 j - 4 potions of attraction {unknown}
 n - 2 potions of degeneration {unknown}
 p - a potion of mutation {unknown}
 q - 4 potions of heal wounds {unknown}
 s - 2 potions of flight {unknown}
 w - a potion of brilliance {unknown}
 x - a potion of berserk rage {unknown}
 B - 2 potions of experience {unknown}
 E - 2 potions of lignification {unknown}
 G - a potion of ambrosia {unknown}
 K - a potion of might {unknown}
 M - a potion of magic {unknown}


   Skills:
 + Level 6.9 Fighting
 - Level 7.7 Short Blades
 * Level 8.1 Axes
 * Level 2.6 Throwing
 + Level 6.5 Armour
 + Level 5.8 Dodging
 + Level 3.3 Stealth
 - Level 0.1 Unarmed Combat
 + Level 0.4 Invocations


You had 10 spell levels left.
You didn't know any spells.
Your spell library contained the following spells:

 Spells                   Type           Power      Damage    Failure   Level
 Magic Dart               Conj           0%         1d3       30%         1
 Shock                    Conj/Air       0%         1d3       30%         1
 Sting                    Tmut/Pois      0%         1d3       30%         1
 Call Imp                 Summ           0%         N/A       43%         2
 Poisonous Vapours        Pois/Air       0%         N/A       43%         2
 Mephitic Cloud           Conj/Pois/Air  0%         N/A       67%         3
 Swiftness                Air            0%         N/A       67%         3
 Airstrike                Air            0%         N/A       97%         4
 Olgreb's Toxic Radiance  Pois           0%         N/A       97%         4


Dungeon Overview and Level Annotations

Branches:
Dungeon (10/15)            Temple (0/1) D:7             Orc (0/2) D:10
   Lair: D:8-11

Altars:
Dithmenos
Kikubaaqudgha
Okawaru
Ru
Uskayaw
Vehumet
Wu Jian
Zin
The Shining One

Shops:
D:4 =   D:8 *

Annotations:
D:6 3 runed translucent doors, NoScrollMutBadDesign's ghost, amateur DDFi
D:10 Urug


Innate Abilities, Weirdness & Mutations

You have a pair of small antennae on your head.
You are completely covered in thin metallic scales. (AC +4, rElec)
You are partially covered in sharp spines.
You regenerate magic rapidly.


Message History

The acid dragon is struck by your spines.
The acid dragon barely misses you. x2
The acid dragon bites you but does no damage.
The acid dragon misses you.
You slash the acid dragon!
You kill the acid dragon!
Okawaru accepts your kill.
You have reached level 11!
Your demonic ancestry asserts itself...
Thin metallic scales cover your body completely.
You are no longer corroded.
Found an encrusted garnet ring.
Q - a +4 ring of evasion
Found a stone staircase leading up.
You're wearing all the rings you can.
Remove which one? (? for menu, Esc to cancel) < or
k - a +6 ring of intelligence; > or
m - a ring of magical power You remove your ring of magical power.
You feel your magic capacity decrease.
Q - a +4 ring of evasion (right hand) Unknown command.
Unknown command.
Found a stone staircase leading down and a staircase to the Orcish Mines.
Urug the Orcish Ballista comes into view.
She is wielding a +4 double sword of holy wrath and wearing a +1 chain mail of fire resistance.
Found a chain mail.
Urug shouts!
Urug hits you with a +4 double sword of holy wrath!!
You convulse!!
You hit Urug.
Urug is lightly wounded.
Urug barely misses you.
You barely miss Urug.
Urug is lightly wounded.
Urug completely misses you.
You slash Urug!
Urug is lightly wounded.
Urug is struck by your spines.
Urug hits you with a +4 double sword of holy wrath!
* * * LOW HITPOINT WARNING * * *
You convulse!!
You die...

...###.......###.#####
####........###..#
#..........## #.##
.........### #.#
.......### #.#
..######.. #.# ###
..[.###.#
........#####
.>..##..@o..# ..
#......# #......#
#......# ....<..#
#.....>.# #.......#
#.#######


You could see Urug.

Vanquished Creatures
  Erolcha (D:9)
  A two-headed ogre (D:10)
  Pikel (D:7)
  Psyche (D:8)
  A troll (D:10)
  A hornet (D:9)
  A wyvern (D:10)
  7 yaks
  A wraith (D:10)
  A steam dragon (D:6)
  A vampire mosquito (D:10)
  2 acid dragons
  A water moccasin (D:5)
  3 orc warriors
  4 ice beasts
  An ogre (D:6)
  3 centaurs
  2 phantoms
  3 kobold brigands
  A lemure (D:6)
  2 bullfrogs
  5 scorpions
  8 wights
  3 howler monkeys
  A hound (D:6)
  A gnoll shaman (D:6)
  A jelly (D:8)
  A centaur skeleton (D:6)
  4 orc priests
  3 iguanas
  Terence (D:2)
  11 orc wizards
  A killer bee zombie (D:6)
  5 gnolls
  5 adders
  2 shadow imps
  An ufetubus (D:7)
  5 worms
  3 dart slugs
  34 orcs
  6 ball pythons
  5 endoplasms
  4 giant cockroaches
  7 goblins
  9 hobgoblins
  21 kobolds
  3 quokkas
  6 bats
  5 frilled lizards
  6 rats
206 creatures vanquished.

Vanquished Creatures (others)
  Maurice (D:10)
  An orc (D:3)
  3 kobolds (D:8)
5 creatures vanquished.

Grand Total: 211 creatures vanquished

Notes
Turn   | Place    | Note
-------+----------+-------------------------------------------
     0 | D:1      | kohu the Demonspawn Gladiator began the quest for the Orb.
     0 | D:1      | Reached XP level 1. HP: 16/16 MP: 1/1
    72 | D:1      | Reached skill level 3 in Axes
    72 | D:1      | Gained mutation: You are partially covered in thin metallic
                  | scales. (AC +2) [demonic ancestry]
    72 | D:1      | Reached XP level 2. HP: 20/22 MP: 2/2
   239 | D:1      | Found a faded altar of an unknown god.
   652 | D:2      | Reached XP level 3. HP: 27/27 MP: 3/3
   700 | D:2      | Found an iron altar of Okawaru.
   723 | D:2      | Became a worshipper of Warmaster Okawaru
   824 | D:2      | Noticed Terence
   835 | D:2      | Killed Terence
  1147 | D:2      | Reached XP level 4. HP: 20/33 MP: 4/4
  1403 | D:2      | Reached skill level 1 in Short Blades
  1938 | D:3      | Reached skill level 1 in Armour
  2408 | D:3      | Found a sacrificial altar of Ru.
  2408 | D:3      | Found a shadowy altar of Dithmenos.
  2618 | D:4      | Gained mutation: You are partially covered in sharp spines.
                  | [demonic ancestry]
  2618 | D:4      | Reached XP level 5. HP: 5/39 MP: 5/5
  3565 | D:4      | Found an ancient bone altar of Kikubaaqudgha.
  3876 | D:4      | Gained mutation: You are mostly covered in thin metallic
                  | scales. (AC +3) [demonic ancestry]
  3876 | D:4      | Reached XP level 6. HP: 35/46 MP: 6/6
  4097 | D:4      | Found Diyk's Jewellery Shop.
  4330 | D:5      | Entered Level 5 of the Dungeon
  4363 | D:5      | Identified the +4 ring mail of Responsibility {Dex+3}
  4382 | D:5      | Reached * piety under Okawaru
  4594 | D:5      | Noticed an orc warrior
  4866 | D:5      | Gained mutation: You regenerate magic rapidly. [demonic
                  | ancestry]
  4866 | D:5      | Reached XP level 7. HP: 52/52 MP: 7/7
  4933 | D:5      | Identified the +8 spear of Youthful Indiscretion {flame,
                  | rPois MP-9 Dex+2}
  5199 | D:5      | Reached skill level 1 in Stealth
  5434 | D:5      | Found a radiant altar of Vehumet.
  5463 | D:5      | Found a hide-covered altar of Uskayaw.
  5465 | D:5      | Reached ** piety under Okawaru
  5542 | D:6      | Noticed a steam dragon
  5569 | D:6      | Found a runed translucent gate.
  5569 | D:6      | Found a runed translucent gate.
  5824 | D:6      | Reached XP level 8. HP: 52/58 MP: 8/8
  5879 | D:6      | Reached skill level 5 in Short Blades
  6499 | D:6      | Reached *** piety under Okawaru
  6759 | D:6      | Found an ornate altar of the Wu Jian Council.
  6811 | D:6      | Noticed NoScrollMutBadDesign's ghost (amateur DDFi)
  6827 | D:6      | Found a runed translucent gate.
  7101 | D:7      | Reached skill level 5 in Armour
  7306 | D:6      | Gained mutation: You have a pair of small antennae on your
                  | head. [demonic ancestry]
  7306 | D:6      | Reached XP level 9. HP: 66/66 MP: 9/9
  7526 | D:7      | Noticed Pikel
  7531 | D:7      | Killed Pikel
  7532 | D:7      | Reached skill level 5 in Fighting
  7679 | D:7      | Found a staircase to the Ecumenical Temple.
  7989 | D:7      | Reached **** piety under Okawaru
  8391 | D:8      | Noticed Psyche
  8728 | D:8      | Killed Psyche
  8729 | D:8      | Reached skill level 5 in Dodging
  8778 | D:8      | Found Wuav's Assorted Antiques.
  9348 | D:8      | Identified the +7 war axe "Blob" {vorpal, Int+4}
  9469 | D:8      | Reached skill level 4 in Axes
  9892 | D:9      | Reached XP level 10. HP: 39/76 MP: 10/10
 10167 | D:9      | Reached skill level 5 in Axes
 10235 | D:9      | Reached ***** piety under Okawaru
 10462 | D:9      | Noticed Erolcha
 10476 | D:9      | Killed Erolcha
 10477 | D:9      | Reached skill level 6 in Axes
 11318 | D:10     | Entered Level 10 of the Dungeon
 11365 | D:10     | Received a gift from Okawaru
 11374 | D:10     | Reached skill level 7 in Axes
 11798 | D:10     | Noticed Maurice
 11811 | D:10     | Killed Maurice
 11881 | D:10     | Noticed a two-headed ogre
 11890 | D:10     | Killed a two-headed ogre
 11890 | D:10     | Received a gift from Okawaru
 11891 | D:10     | Reached skill level 8 in Axes
 12092 | D:10     | Gained mutation: You are completely covered in thin
                  | metallic scales. (AC +4, rElec) [demonic ancestry]
 12092 | D:10     | Reached XP level 11. HP: 60/83 MP: 11/11
 12215 | D:10     | Found a staircase to the Orcish Mines.
 12216 | D:10     | Noticed Urug
 12220 | D:10     | Mangled by Urug

Illustrated notes

Levels and vault maps discovered:
D:1:      saegor_arrival_miasma, layout_basic,
          ebering_ecumenical_altar_sacrificial, chequers_mini_garden,
          minmay_misc_feat_encased
D:2:      layout_basic, basic_altar, uniq_terence
D:3:      layout_basic, gammafunk_temple_overflow_pools, hex_medium,
          minmay_crystal_water
D:4:      layout_basic, nicolae_tso_carved_into_rock, lemuel_crystal_altar,
          serial_shops, nicolae_shop_stone
D:5:      layout_loops_ring, mainiacjoe_overflow_two_lobes,
          kennysheep_generic_room_7
D:6:      layout_rooms, nzn_wu_jian_council_hall, gammafunk_ghost_split,
          amcnicky_mini_pool_small, minmay_puff
D:7:      wander_river, layout_basic, minmay_temple_entry_fiery,
          minmay_misc_feat_columns, uniq_pikel
D:8:      layout_cave_pools, enter_ossuary_2, serial_shops,
          nicolae_shop_overgrown_old_shop, uniq_psyche
D:9:      layout_gridville, zin_academy, minmay_unpleasant_kobolds, uniq_erolcha
D:10:     kennysheep_spiral_hall, layout_rooms, solitary_fountain, uniq_urug,
          uniq_maurice

Skill      XL: |  1  2  3  4  5  6  7  8  9 10 |
---------------+-------------------------------+-----
Axes           | 3 4 8 |  8.1
Dodging        | 3 4 5 |  5.8
Short Blades   | 1 2 3 4 6 7 |  7.7
Armour         | 1 2 3 5 6 |  6.5
Fighting       | 3 4 5 6 |  6.9
Stealth        | 1 2 3 |  3.3
Throwing       | 2 |  2.6
Unarmed Combat | |  0.1
Invocations    | |  0.4

Action                   |  1- 3 |  4- 6 |  7- 9 | 10-12 || total
-------------------------+-------+-------+-------+-------++-------
Melee: War axe           |    22 |       |    36 |    87 ||   145
       Rapier            |    60 |   121 |   191 |       ||   372
       Punch             |       |       |     1 |       ||     1
       Unarmed           |       |       |     7 |       ||     7
Invok: Heroism           |       |       |     1 |       ||     1
  Use: Potion            |       |     1 |       |       ||     1
 Stab: Sleeping          |       |     1 |       |     1 ||     2
       Distracted        |       |       |     1 |       ||     1
Armor: Leather armour    |    56 |    47 |       |       ||   103
       Ring mail         |       |     6 |   143 |    50 ||   199
Dodge: Dodged            |    96 |    64 |   179 |    71 ||   410
